 Dungeon Crawl Stone Soup version 0.17.2-2-g6415ff710d (webtiles) character file.

439 Goblin1989 the Grave Robber (level 7, -3/48 HPs)
             Began as a Human Necromancer on May 18, 2020.
             Slain by a centaur (9 damage)
             ... on level 5 of the Dungeon on May 30, 2020.
             The game lasted 00:23:06 (4724 turns).

Goblin1989 the Grave Robber (Human Necromancer)     Turns: 4724, Time: 00:23:06

Health: -3/48      AC:  4    Str:  9    XL:     7   Next: 22%
Magic:  11/13      EV: 12    Int: 17    God:
Gold:   213        SH:  0    Dex: 13    Spells: 5 memorised, 2 levels left

rFire  + . .     SeeInvis .     r - +0 flail
rCold  x . .     Clarity  .     a - +1 robe
rNeg   . . .     SustAt   .     (no shield)
rPois  .         Gourm    .     (no helmet)
rElec  .         Spirit   .     (no cloak)
rCorr  .         Warding  .     v - +0 pair of gloves
rMut   .         Stasis   .     (no boots)
MR     .....                    (no amulet)
Stlth  ++........               A - ring of fire
                                l - ring of flight

@: not resistant to hostile enchantments, unstealthy
A: no striking features
a: Evoke Flight


You were on level 5 of the Dungeon.
You were not hungry.

You visited 1 branch of the dungeon, and saw 5 of its levels.

You collected 213 gold pieces.

Inventory:

Hand Weapons
 d - a +0 hunting sling
 i - a +0 dagger
 r - a +0 flail (weapon)
Missiles
 g - 51 bolts
 j - 83 stones (quivered)
 k - 35 arrows
 u - 15 steel sling bullets
Armour
 a - a +1 robe (worn)
 c - a +0 large shield
 n - a +0 ring mail
 v - a +0 pair of gloves (worn)
Jewellery
 l - a ring of flight (left hand)
 A - a ring of fire (right hand)
Scrolls
 m - a scroll of fog {unknown}
 y - a scroll of amnesia {unknown}
 B - a scroll of blinking
 M - a scroll of magic mapping
 R - 2 scrolls of identify {@r1}
Potions
 f - a potion of flight
 o - 2 potions of mutation {unknown}
 q - a potion of ambrosia {unknown}
 s - a potion of heal wounds
 w - a potion of lignification {unknown}
 x - a potion of magic
 z - a potion of invisibility
Books
 b - a book of Necromancy

   Spells                             Type                      Level
   a - Pain                           Necromancy                   1
   b - Animate Skeleton               Necromancy                   1
   c - Vampiric Draining              Necromancy                   3
   d - Regeneration                   Charms/Necromancy            3
   e - Animate Dead                   Necromancy                   4
   f - Control Undead                 Necromancy                   4
Comestibles
 e - 5 bread rations {@e1}
 h - a beef jerky
 p - a chunk of flesh
 t - 3 meat rations {@e2}


   Skills:
 + Level 1.1 Fighting
 + Level 2.0 Dodging
 - Level 2.0 Stealth
 - Level 4.0 Spellcasting
 * Level 6.9 Necromancy


You had 2 spell levels left.
You knew the following spells:

 Your Spells              Type           Power        Failure   Level  Hunger
a - Pain                  Necr           ####         1%          1    None
b - Animate Skeleton      Necr           N/A          1%          1    None
v - Vampiric Draining     Necr           ####......   3%          3    ###....
E - Animate Dead          Necr           N/A          12%         4    ####...
R - Regeneration          Chrm/Necr      ###.......   14%         3    ###....


Dungeon Overview and Level Annotations

Branches:
Dungeon (5/15)
 Temple: D:4-7

Altars:
Yredelemnul

Annotations:
D:2 exclusion: 2 worms
D:3 exclusion: worm


Message History

Press: ? - help, Shift-Dir - straight line, f/p - worker ant
Aim: a worker ant (heavily wounded, chance to defeat MR: 89%)
The worker ant convulses in agony!
You feel sick. The worker ant barely misses you.
Your gnoll skeleton hits the worker ant with a spear.
The worker ant bites your gnoll skeleton.
You take 2 damage, and have 34/47 hp.
You now have 6/13 mp.
Casting: Pain
Confirm with . or Enter, or press ? or * to list all spells.
Aiming: Pain
Press: ? - help, Shift-Dir - straight line, f/p - worker ant
Aim: a worker ant (almost dead, chance to defeat MR: 89%)
The worker ant convulses in agony!
You kill the worker ant!
You feel sick.
You take 2 damage, and have 32/47 hp.
You now have 5/13 mp.
You start resting.
You feel sick. x7
You are no longer poisoned.
You take 4 damage, and have 28/47 hp.
You regained 3 mp, and now have 8/13 mp.
You start resting.
Magic restored.
You regained 6 hp, and now have 34/47 hp.
MP restored: 13 You start resting.
A gnoll comes into view. It is wielding a short sword.
You regained 5 hp, and now have 39/47 hp.
Casting: Pain
Confirm with . or Enter, or press ? or * to list all spells.
Aiming: Pain
Press: ? - help, Shift-Dir - straight line, f - gnoll
Aim: a gnoll, wielding a short sword (chance to defeat MR: 89%)
The gnoll convulses in agony!
You now have 12/13 mp.
Casting: Pain
Confirm with . or Enter, or press ? or * to list all spells.
Aiming: Pain
Press: ? - help, Shift-Dir - straight line, f/p - gnoll
Aim: a gnoll, wielding a short sword (heavily wounded, chance to defeat MR: 89%)
The gnoll convulses in agony!
You take 1 damage, and have 38/47 hp.
You now have 11/13 mp.
Casting: Pain
Confirm with . or Enter, or press ? or * to list all spells.
Aiming: Pain
Press: ? - help, Shift-Dir - straight line, f/p - gnoll
Aim: a gnoll, wielding a short sword (almost dead, chance to defeat MR: 89%)
The gnoll convulses in agony!
You kill the gnoll!
Your Fighting skill increases to level 1!
You take 1 damage, and have 37/48 hp.
You now have 10/13 mp.
Unknown command.
You start resting.
Magic restored.
You regained 3 hp, and now have 40/48 hp.
MP restored: 13 You start resting.
Your gnoll skeleton crumbles into dust!
HP restored.
Health restored: 48 A centaur comes into view.
Found an escape hatch in the floor.
The centaur shouts!
The centaur wields a shortbow.
The centaur shoots an arrow.
The arrow hits you.
You see here an arrow.
You take 5 damage, and have 43/48 hp.
The centaur shoots an arrow.
The arrow barely misses you.
The centaur shoots an arrow.
The arrow hits you.
You see here an arrow.
You take 4 damage, and have 39/48 hp.
The centaur shoots an arrow.
The arrow hits you.
The centaur shoots an arrow.
The arrow misses you.
You see here an arrow.
You take 4 damage, and have 35/48 hp.
The centaur unwields an uncursed shortbow.
The centaur hits you but does no damage.
You hit the centaur.
The centaur is lightly wounded.
The centaur hits you! x2
* * * LOW HITPOINT WARNING * * *
You take 19 damage, and have 17/48 hp.
O_OOPS!!
MASSIVE DAMAGE!!
You are too injured to fight recklessly!
Unknown command.
Casting: Pain
Confirm with . or Enter, or press ? or * to list all spells.
Aiming: Pain
Press: ? - help, Shift-Dir - straight line, f - centaur
Aim: a centaur (lightly wounded, chance to defeat MR: 84%)
The centaur convulses in agony!
The centaur hits you!
* * * LOW HITPOINT WARNING * * *
You take 8 damage, and have 9/48 hp.
You now have 12/13 mp.
Casting: Pain
Confirm with . or Enter, or press ? or * to list all spells.
Aiming: Pain
Press: ? - help, Shift-Dir - straight line, f/p - centaur
Aim: a centaur (heavily wounded, chance to defeat MR: 84%)
The centaur convulses in agony!
The centaur hits you.
* * * LOW HITPOINT WARNING * * *
The centaur hits you!
You die... ............█ █..........█ █.... ............█ █..........█ █.... ........)(..█ █..........█ █.... ............███..........█ █████

██▲████....(..........████
█...............█
█......(........█
█.....█..(.......█
▲.....▲...@.......
█.....█....c......
█.....█>..........
█.....██████████..


████ . You could see a centaur.

Vanquished Creatures
  2 ogres (D:4)
  Ijyb (D:3)
  A hound (D:4)
  2 worker ants
  9 adders
  4 gnolls (D:5)
  An ooze (D:4)
  An adder skeleton (D:4)
  3 giant geckos
  2 ball pythons
  5 giant cockroaches
  A gnoll zombie (D:3)
  6 hobgoblins
  2 jackals (D:3)
  7 kobolds
  2 quokkas (D:2)
  8 bats
  A giant newt (D:4)
  7 goblins
  13 rats
78 creatures vanquished.

Vanquished Creatures (collateral kills)
  2 goblins (D:3)
  A quokka (D:4)
  A gnoll zombie (D:3)
4 creatures vanquished.

Vanquished Creatures (others)
  5 toadstools (D:1)
5 creatures vanquished.

Grand Total: 87 creatures vanquished

Notes
Turn   | Place    | Note
--------------------------------------------------------------
     0 | D:1      | Goblin1989 the Human Necromancer began the quest for the Orb.
     0 | D:1      | Reached XP level 1. HP: 13/13 MP: 3/3
   259 | D:1      | Reached XP level 2. HP: 17/19 MP: 0/5
   762 | D:1      | Reached XP level 3. HP: 24/24 MP: 4/6
   922 | D:1      | Learned a level 3 spell: Regeneration
  1478 | D:2      | Learned a level 3 spell: Vampiric Draining
  1566 | D:2      | Reached XP level 4. HP: 26/30 MP: 2/8
  1922 | D:2      | Reached skill level 5 in Necromancy
  2171 | D:2      | Learned a level 1 spell: Animate Skeleton
  2648 | D:3      | Found a basalt altar of Yredelemnul.
  2699 | D:3      | Reached XP level 5. HP: 31/35 MP: 7/9
  2721 | D:3      | Found a faded altar to an unknown god.
  3005 | D:3      | Noticed Ijyb
  3025 | D:3      | Killed Ijyb
  3492 | D:4      | Noticed an ogre
  3548 | D:4      | Killed an ogre
  3548 | D:4      | Reached skill level 6 in Necromancy
  3548 | D:4      | Reached XP level 6. HP: 25/41 MP: 0/11
  3583 | D:4      | Noticed an ogre
  3625 | D:4      | Killed an ogre
  4166 | D:4      | Reached XP level 7. HP: 46/46 MP: 1/12
  4175 | D:4      | Learned a level 4 spell: Animate Dead
  4362 | D:5      | Entered Level 5 of the Dungeon
  4648 | D:5      | Reached skill level 1 in Fighting
  4724 | D:5      | Slain by a centaur

Action                   |  1- 3 |  4- 6 |  7- 9 || total
-------------------------+-------+-------+-------++-------
Melee: Unarmed           |     1 |       |       ||     1
       Dagger            |       |    45 |       ||    45
       Flail             |       |    12 |    15 ||    27
Throw: Stone             |     3 |     5 |       ||     8
 Cast: Pain              |    62 |    81 |    20 ||   163
       Animate Skeleton  |       |     8 |     2 ||    10
       Regeneration      |       |     2 |       ||     2
       Vampiric Draining |       |     5 |       ||     5
  Use: Scroll            |       |    10 |       ||    10
 Stab: Sleeping          |       |     4 |       ||     4
  Eat: Chunk             |     3 |     8 |     2 ||    13

Vault maps used:
D:1:      ldierk_walled_garden, serial_bayou, serial_bayou_pond_b,
          serial_bayou_shore_a, serial_bayou_pond_d, serial_bayou_shore_b
D:2:      minmay_rat_gold_closets
D:3:      lemuel_zombie_altar_yredelemnul, ecumenical_altar_2, uniq_iyjb,
          uniq_natasha
D:4:      hangedman_decor_points
D:5:      first_bread, hex_tiny
